 Dungeon Crawl Stone Soup version 0.17.0-28-g6e173f8 (webtiles) character file.

18 LuBu the Covered (level 2, 0/19 HPs)
             Began as a Human Wanderer on Nov 22, 2015.
             Slain by a goblin
             ... wielding a +0 dagger
              (1 damage)
             ... on level 2 of the Dungeon.
             The game lasted 00:06:41 (1710 turns).

LuBu the Covered (Human Wanderer)                   Turns: 1710, Time: 00:06:41

Health: 0/19       AC:  2    Str: 11    XL:     2   Next: 90%
Magic:  3/3        EV: 11    Int: 13    God:
Gold:   34         SH:  0    Dex: 12    Spells: 1 memorised, 2 levels left

rFire  . . .     SeeInvis .     l - +0 short sword
rCold  . . .     Clarity  .     i - +0 robe (curse)
rNeg   . . .     SustAt   .     (no shield)
rPois  .         Gourm    .     (helmet restricted)
rElec  .         Spirit   .     (no cloak)
rCorr  .         Warding  .     (no gloves)
rMut   .         Stasis   .     (no boots)
MR     .....                    (no amulet)
Stlth  ++........               (no ring)
                                (no ring)

@: not resistant to hostile enchantments, unstealthy
A: horns 1, talons 1, MP-powered wands
a: no special abilities


You were on level 2 of the Dungeon.
You were not hungry.

You visited 1 branch of the dungeon, and saw 2 of its levels.

You collected 34 gold pieces.

Inventory:

Hand Weapons
 a - a +2 hand axe
 f - a +0 hand axe
 g - a +0 dagger
 l - a +0 short sword (weapon)
Armour
 d - a +0 robe
 h - a +0 robe
 i - a cursed +0 robe (worn)
 j - a +0 ring mail
 k - a +0 scale mail
Scrolls
 c - a scroll of teleportation
Potions
 m - a potion of curing
 o - a potion of agility {unknown}
 p - a potion of haste {unknown}
Books
 b - Iskenderun's Papyrus of Combat Magic

   Spells                             Type                      Level
   a - Magic Dart                     Conjuration                  1
   b - Throw Flame                    Conjuration/Fire             2
Comestibles
 e - a bread ration
 n - a meat ration


   Skills:
 + Level 0.2 Fighting
 + Level 2.1 Axes
 + Level 3.7 Armour
 + Level 1.0 Stealth
 + Level 1.0 Spellcasting
 + Level 0.2 Conjurations
   Level 1.0 Summonings
   Level 1.0 Poison Magic
   Level 1.0 Evocations


You had 2 spell levels left.
You knew the following spells:

 Your Spells              Type           Power        Failure   Level  Hunger
a - Magic Dart            Conj           #...         30%         1    ##.....


Dungeon Overview and Level Annotations

Branches:
Dungeon (2/15)

Altars:
Ashenzari
Kikubaaqudgha
Ru


Innate Abilities, Weirdness & Mutations

You have a pair of small horns on your head.
You have sharp toenails.
You expend magic power (3 MP) to strengthen your wands.


Message History

You see here 17 sling bullets.
There is a stone staircase leading down here.
You climb downwards.
Found 26 gold pieces.
Found two altars.
Found a stone staircase leading down.
There is a stone staircase leading up here.
A worm comes into view.
There is a stone staircase leading down here.
Found a sacrificial altar of Ru.
A goblin comes into view. It is wielding a dagger.
Found a scroll labeled EWNUSEX DEROM.
You barely miss the worm. The worm completely misses you.
You barely miss the worm. You barely miss the worm. The worm bites you.
You completely miss the worm. You claw the worm, but do no damage.
The worm bites you! The goblin misses you.
You hit the worm but do no damage. You claw the worm, but do no damage.
The goblin hits you with a dagger. The worm bites you.
* * * LOW HITPOINT WARNING * * *
You barely miss the worm. The goblin hits you with a dagger.
You die...

#### ##
#####...## #.#
#........##
...##..........
..........._.....
..?.....w.......
.$....g@...⌠.._
#..##..........
#. #..........
#.##......_...
#..#>.......##
#.<.###...##
###...###.#
###..# ...
....####


You could see a worm and a goblin.

Vanquished Creatures
  A bat (D:1)
  4 hobgoblins (D:1)
  3 kobolds (D:1)
  A quokka (D:1)
  A giant newt (D:1)
  5 goblins (D:1)
  4 rats (D:1)
19 creatures vanquished.

Notes
Turn   | Place    | Note
--------------------------------------------------------------
     0 | D:1      | LuBu the Human Wanderer began the quest for the Orb.
     0 | D:1      | LuBu set off with: a +2 hand axe, Iskenderun's Papyrus of Combat Magic, a scroll of teleportation, a +0 robe, a bread ration
     0 | D:1      | Reached XP level 1. HP: 13/13 MP: 2/2
     3 | D:1      | Learned a level 1 spell: Magic Dart
   427 | D:1      | Reached XP level 2. HP: 19/19 MP: 3/3
   764 | D:1      | Gained mutation: You have a pair of small horns on your head. [potion of mutation]
   764 | D:1      | Gained mutation: You expend magic power (3 MP) to strengthen your wands. [potion of mutation]
   764 | D:1      | Gained mutation: You have sharp toenails. [potion of mutation]
  1696 | D:2      | Found a shattered altar of Ashenzari.
  1696 | D:2      | Found an ancient bone altar of Kikubaaqudgha.
  1701 | D:2      | Found a sacrificial altar of Ru.
  1710 | D:2      | Slain by a goblin

Action                   || total
-------------------------++-------
Melee: Hand axe          ||    34
       Short sword       ||    29
 Cast: Magic Dart        ||    13
  Use: Scroll            ||     2
       Potion            ||     1
  Eat: Chunk             ||     2
       Bread ration      ||     1
